NYP
MILWAUKEE (NYP) BREWERS @ HILLSBORO HOPS
04/28/2048
 
TOP OF THE 1ST
Milwaukee (NYP) Brewers batting - Pitching for Hillsboro Hops : RHP Jose Rodas
Pitching: RHP Jose Rodas
Batting: SHB Aaron Neill 0-0: Fly out, F9 (Flyball, 9S, EV 84.4 MPH)
Batting: RHB Jonathan Sarles 0-0: Ball
1-0: Ball
2-0: Ball
3-0: Called Strike
3-1: TRIPLE (Flyball, 8RXD, EV 105.0 MPH)
Batting: RHB Chris Maul 0-0: Ball
1-0: Swinging Strike
1-1: SINGLE (Line Drive, 7S, EV 108.1 MPH)
Jonathan Sarles scores
Batting: RHB Jeremy Harden 0-0: Ball
1-0: Ball
2-0: Grounds into double play, 6-4-3 (Groundball, 6, EV 102.5 MPH)
Top of the 1st over - 1 run, 2 hits, 0 errors, 0 left on base; Milwaukee (NYP) 1 - Hillsboro 0
BOTTOM OF THE 1ST
Hillsboro Hops batting - Pitching for Milwaukee (NYP) Brewers : RHP Bobby Savoy
Pitching: RHP Bobby Savoy
Batting: RHB Yutaka Oki 0-0: Ball
1-0: Foul Ball, location: 2F
1-1: Ball
2-1: Ground out 1-3 (Groundball, 34S, EV 68.1 MPH)
Batting: RHB Daniel Rivera 0-0: Ball
1-0: Foul Ball, location: 2F
1-1: Foul Ball, location: 2F
1-2: SINGLE (Line Drive, 9LS, EV 110.0 MPH)
Batting: RHB Terry Jarrells 0-0: Called Strike
0-1: Ball
1-1: Ball
Wild Pitch!
Daniel Rivera to second
2-1: Fly out, F8 (Flyball, 8LD, EV 93.8 MPH)
Batting: RHB Tim Borden 0-0: Foul Ball, location: 2F
0-1: Foul Ball, location: 2F
0-2: Ball
1-2: Fly out, F7 (Flyball, 7D, EV 106.2 MPH)
Bottom of the 1st over - 0 runs, 1 hit, 0 errors, 1 left on base; Milwaukee (NYP) 1 - Hillsboro 0
TOP OF THE 2ND
Milwaukee (NYP) Brewers batting - Pitching for Hillsboro Hops : RHP Jose Rodas
Batting: RHB Jose Cerritos 0-0: Ball
1-0: Fly out, F8 (Flyball, 8LD, EV 91.2 MPH)
Batting: SHB Craig Wright 0-0: Ball
1-0: Ground out 4-3 (Groundball, 4, EV 84.4 MPH)
Batting: SHB C.J. Olivares 0-0: Called Strike
0-1: Swinging Strike
0-2: Ground out U3 (Groundball, 3, EV 85.0 MPH)
Top of the 2nd over - 0 runs, 0 hits, 0 errors, 0 left on base; Milwaukee (NYP) 1 - Hillsboro 0
BOTTOM OF THE 2ND
Hillsboro Hops batting - Pitching for Milwaukee (NYP) Brewers : RHP Bobby Savoy
Batting: LHB Franklin Quezada 0-0: Ball
1-0: Called Strike
1-1: Ball
2-1: Called Strike
2-2: Strikes out swinging
Batting: RHB Cesar Rendon 0-0: Called Strike
0-1: Called Strike
0-2: Ball
1-2: Ball
2-2: Fly out, F8 (Flyball, 8LD, EV 95.0 MPH)
Batting: RHB Jonathan Underhill 0-0: Ball
1-0: Ground out 3-1 (Groundball, 34, EV 90.0 MPH)
Bottom of the 2nd over - 0 runs, 0 hits, 0 errors, 0 left on base; Milwaukee (NYP) 1 - Hillsboro 0
TOP OF THE 3RD
Milwaukee (NYP) Brewers batting - Pitching for Hillsboro Hops : RHP Jose Rodas
Batting: RHB Chris Fruit 0-0: Ball
1-0: Ball
2-0: Ball
3-0: Foul Ball, location: 2F
3-1: Base on Balls
Batting: LHB Umar Matoub 0-0: Ball
Chris Fruit steals 2nd base
1-0: Called Strike
1-1: Swinging Strike
1-2: Ball
2-2: Ball
3-2: Base on Balls
Batting: SHB Aaron Neill 0-0: Ball
1-0: Called Strike
1-1: Called Strike
1-2: Foul Ball, location: 2F
1-2: Ball
2-2: Ball
3-2: Fly out, F9 (Line Drive, 89S, EV 90.6 MPH)
Batting: RHB Jonathan Sarles 0-0: Called Strike
0-1: Ball
1-1: Ball
2-1: Foul Ball, location: 2F
2-2: Ball
3-2: Base on Balls
Chris Fruit to third
Umar Matoub to second
Batting: RHB Chris Maul 0-0: Ball
1-0: Ball
2-0: Ball
3-0: Base on Balls
Chris Fruit scores
Umar Matoub to third
Jonathan Sarles to second
Batting: RHB Jeremy Harden 0-0: Called Strike
0-1: Called Strike
0-2: Ball
1-2: Foul Ball, location: 2F
1-2: Foul Ball, location: 2F
1-2: Ball
2-2: Ball
3-2: Strikes out swinging
Batting: RHB Jose Cerritos 0-0: Ball
1-0: Ball
2-0: Called Strike
2-1: Called Strike
2-2: Ball
3-2: Foul Ball, location: 2F
3-2: SINGLE (Groundball, 56D, EV 106.9 MPH)
Umar Matoub scores
Jonathan Sarles to third
Chris Maul to second
Jonathan Sarles scores
Chris Maul to third
Batting: SHB Craig Wright 0-0: SINGLE (Groundball, 6S, EV 68.1 MPH) (infield hit)
Chris Maul scores
Jose Cerritos to second
Pitching: RHP Justin Gasper
Batting: SHB C.J. Olivares 0-0: Ball
1-0: Foul Ball, location: 2F
1-1: Ground out 3-1 (Groundball, 34S, EV 78.1 MPH)
Top of the 3rd over - 4 runs, 2 hits, 0 errors, 2 left on base; Milwaukee (NYP) 5 - Hillsboro 0
BOTTOM OF THE 3RD
Hillsboro Hops batting - Pitching for Milwaukee (NYP) Brewers : RHP Bobby Savoy
Batting: RHB Sean Tanner 0-0: Fly out, F9 (Flyball, 89D, EV 104.4 MPH)
Batting: LHB Josh Kirk 0-0: Foul Ball, location: 2F
0-1: Ball
1-1: Ball
2-1: Swinging Strike
2-2: TRIPLE (Line Drive, 78XD, EV 101.2 MPH)
Batting: RHB Yutaka Oki 0-0: Foul Ball, location: 2F
0-1: Ball
1-1: Ball
Wild Pitch!
Josh Kirk scores
2-1: SINGLE (Groundball, 6MD, EV 110.6 MPH)
Batting: RHB Daniel Rivera 0-0: Ball
1-0: Called Strike
1-1: Called Strike
Yutaka Oki steals 2nd base
1-2: Foul Ball, location: 2F
1-2: Ball
2-2: Ball
3-2: Fly out, F8 (Flyball, 8RD, EV 98.8 MPH)
Batting: RHB Terry Jarrells 0-0: Called Strike
0-1: Ball
1-1: Called Strike
1-2: Foul Ball, location: 2F
1-2: Fly out, F5 (Popup, 5F, EV 62.5 MPH)
Bottom of the 3rd over - 1 run, 2 hits, 0 errors, 1 left on base; Milwaukee (NYP) 5 - Hillsboro 1
TOP OF THE 4TH
Milwaukee (NYP) Brewers batting - Pitching for Hillsboro Hops : RHP Justin Gasper
Batting: RHB Chris Fruit 0-0: Ball
1-0: Ball
2-0: Ball
3-0: Base on Balls
Batting: LHB Umar Matoub 0-0: Ball
Chris Fruit is caught stealing 2nd base 2-6
1-0: Called Strike
1-1: Fly out, F8 (Flyball, 89XD, EV 102.5 MPH)
Batting: SHB Aaron Neill 0-0: Swinging Strike
0-1: Swinging Strike
0-2: Ground out 6-3 (Groundball, 6, EV 88.1 MPH)
Top of the 4th over - 0 runs, 0 hits, 0 errors, 0 left on base; Milwaukee (NYP) 5 - Hillsboro 1
BOTTOM OF THE 4TH
Hillsboro Hops batting - Pitching for Milwaukee (NYP) Brewers : RHP Bobby Savoy
Batting: RHB Tim Borden 0-0: Ball
1-0: Called Strike
1-1: Called Strike
1-2: Foul Ball, location: 2F
1-2: Ball
2-2: TRIPLE (Line Drive, 78XD, EV 110.0 MPH)
Batting: LHB Franklin Quezada 0-0: Called Strike
0-1: SINGLE (Flyball, 56D, EV 85.0 MPH)
Tim Borden scores
Batting: RHB Cesar Rendon 0-0: Called Strike
0-1: SINGLE (Groundball, 6MD, EV 94.4 MPH)
Franklin Quezada to second
Batting: RHB Jonathan Underhill 0-0: Ball
1-0: Called Strike
1-1: Fly out, F8 (Flyball, 8RS, EV 87.5 MPH)
Batting: RHB Sean Tanner 0-0: Called Strike
0-1: Called Strike
0-2: Fielders Choice at 3rd, U5 (Groundball, 5L, EV 101.9 MPH)
Cesar Rendon to second
Batting: LHB Josh Kirk 0-0: Ball
Passed Ball!
Cesar Rendon to third
Sean Tanner to second
1-0: Ball
2-0: Ball
3-0: Called Strike
3-1: Base on Balls
Batting: RHB Yutaka Oki 0-0: Foul Ball, location: 2F
0-1: Ball
1-1: Called Strike
1-2: Foul Ball, location: 2F
1-2: Foul Ball, location: 2F
1-2: Ball
2-2: Ball
3-2: SINGLE (Line Drive, 7LS, EV 103.1 MPH)
Cesar Rendon scores
Sean Tanner to third
Josh Kirk to second
Sean Tanner scores
Josh Kirk to third
Batting: RHB Daniel Rivera 0-0: Ground out 5-3 (Groundball, 5S, EV 85.6 MPH)
Bottom of the 4th over - 3 runs, 4 hits, 0 errors, 2 left on base; Milwaukee (NYP) 5 - Hillsboro 4
TOP OF THE 5TH
Milwaukee (NYP) Brewers batting - Pitching for Hillsboro Hops : RHP Justin Gasper
Batting: RHB Jonathan Sarles 0-0: Ball
1-0: Foul Ball, location: 2F
1-1: Called Strike
1-2: Fly out, F8 (Line Drive, 89M, EV 90.0 MPH)
Batting: RHB Chris Maul 0-0: Swinging Strike
0-1: Ball
1-1: Foul Ball, location: 2F
1-2: Foul Ball, location: 2F
1-2: Ball
2-2: Foul Ball, location: 2F
2-2: Strikes out swinging
Batting: RHB Jeremy Harden 0-0: Ball
1-0: Ball
2-0: Called Strike
2-1: Foul Ball, location: 2F
2-2: Strikes out looking
Top of the 5th over - 0 runs, 0 hits, 0 errors, 0 left on base; Milwaukee (NYP) 5 - Hillsboro 4
BOTTOM OF THE 5TH
Hillsboro Hops batting - Pitching for Milwaukee (NYP) Brewers : RHP Bobby Savoy
Batting: RHB Terry Jarrells 0-0: Fly out, F7 (Flyball, 78S, EV 85.0 MPH)
Batting: RHB Tim Borden 0-0: SINGLE (Groundball, 6D, EV 95.6 MPH)
Batting: LHB Franklin Quezada 0-0: Ball
1-0: Fielders Choice at 2nd, 4-6 (Groundball, 4, EV 79.4 MPH)
Batting: RHB Cesar Rendon 0-0: Ball
1-0: Foul Ball, location: 2F
1-1: Called Strike
Franklin Quezada steals 2nd base
1-2: Strikes out looking
Bottom of the 5th over - 0 runs, 1 hit, 0 errors, 1 left on base; Milwaukee (NYP) 5 - Hillsboro 4
TOP OF THE 6TH
Milwaukee (NYP) Brewers batting - Pitching for Hillsboro Hops : RHP Justin Gasper
Batting: RHB Jose Cerritos 0-0: Called Strike
0-1: Ball
1-1: Swinging Strike
1-2: Ground out 6-3 (Groundball, 56, EV 107.5 MPH)
Batting: SHB Craig Wright 0-0: Ball
1-0: Ball
2-0: Called Strike
2-1: Fly out, F2 (Popup, 2LF, EV 86.2 MPH)
Batting: SHB C.J. Olivares 0-0: Ball
1-0: Swinging Strike
1-1: Swinging Strike
1-2: Strikes out swinging
Top of the 6th over - 0 runs, 0 hits, 0 errors, 0 left on base; Milwaukee (NYP) 5 - Hillsboro 4
BOTTOM OF THE 6TH
Hillsboro Hops batting - Pitching for Milwaukee (NYP) Brewers : RHP Bobby Savoy
Pitching: LHP Bryan Gagnon
Batting: RHB Jonathan Underhill 0-0: Called Strike
0-1: Called Strike
0-2: Ball
1-2: Ground out 6-3 (Groundball, 6, EV 89.4 MPH)
Pitching: RHP Alberto Cordovi
Batting: RHB Sean Tanner 0-0: Ball
1-0: Called Strike
1-1: Called Strike
1-2: Strikes out swinging
Pitching: RHP Casey Walters
Batting: LHB Josh Kirk 0-0: Ball
1-0: Ball
2-0: Ground out 4-3 (Groundball, 4MD, EV 92.5 MPH)
Bottom of the 6th over - 0 runs, 0 hits, 0 errors, 0 left on base; Milwaukee (NYP) 5 - Hillsboro 4
TOP OF THE 7TH
Milwaukee (NYP) Brewers batting - Pitching for Hillsboro Hops : RHP Justin Gasper
Pitching: LHP Matt Bagnall
Batting: RHB Chris Fruit 0-0: Ground out 4-3 (Groundball, 4, EV 88.1 MPH)
Batting: LHB Umar Matoub 0-0: Called Strike
0-1: Ball
1-1: Fly out, F8 (Flyball, 8LM, EV 76.2 MPH)
Batting: SHB Aaron Neill 0-0: Foul Ball, location: 2F
0-1: Ball
1-1: Ball
2-1: Swinging Strike
2-2: Ground out 4-3 (Groundball, 4, EV 89.4 MPH)
Top of the 7th over - 0 runs, 0 hits, 0 errors, 0 left on base; Milwaukee (NYP) 5 - Hillsboro 4
BOTTOM OF THE 7TH
Hillsboro Hops batting - Pitching for Milwaukee (NYP) Brewers : RHP Casey Walters
Batting: RHB Yutaka Oki 0-0: Called Strike
0-1: SINGLE (Flyball, 56D, EV 95.6 MPH)
Batting: RHB Daniel Rivera 0-0: Foul Ball, location: 2F
0-1: Ball
Yutaka Oki is caught stealing 2nd base 2-4
1-1: Ball
2-1: Foul Ball, location: 2F
2-2: Strikes out looking
Batting: RHB Terry Jarrells 0-0: DOUBLE (Flyball, 8LXD, EV 95.6 MPH)
Batting: RHB Tim Borden 0-0: Ball
1-0: 2-RUN HOME RUN (Flyball, 9D, EV 103.1 MPH), Distance : 399 ft
Pitching: LHP Juan Gonzalez
Batting: LHB Franklin Quezada 0-0: Ball
1-0: Foul Ball, location: 2F
1-1: Called Strike
1-2: Strikes out looking
Bottom of the 7th over - 2 runs, 3 hits, 0 errors, 0 left on base; Milwaukee (NYP) 5 - Hillsboro 6
TOP OF THE 8TH
Milwaukee (NYP) Brewers batting - Pitching for Hillsboro Hops : LHP Matt Bagnall
Batting: RHB Jonathan Sarles 0-0: Called Strike
0-1: Called Strike
0-2: Ball
1-2: Strikes out swinging
Batting: RHB Chris Maul 0-0: Foul Ball, location: 2F
0-1: Ball
1-1: Ball
2-1: Swinging Strike
2-2: Strikes out swinging
Batting: RHB Jeremy Harden 0-0: Ball
1-0: SINGLE (Line Drive, 78S, EV 91.2 MPH)
Batting: RHB Jose Cerritos 0-0: Ball
1-0: Ball
2-0: Ball
3-0: Base on Balls
Jeremy Harden to second
Batting: SHB Craig Wright 0-0: Ball
1-0: Foul Ball, location: 2F
1-1: Foul Ball, location: 2F
1-2: Ball
2-2: Strikes out swinging
Top of the 8th over - 0 runs, 1 hit, 0 errors, 2 left on base; Milwaukee (NYP) 5 - Hillsboro 6
BOTTOM OF THE 8TH
Hillsboro Hops batting - Pitching for Milwaukee (NYP) Brewers : LHP Juan Gonzalez
Batting: RHB Cesar Rendon 0-0: Ball
1-0: Ball
2-0: SINGLE (Groundball, 6MD, EV 107.5 MPH)
Batting: RHB Jonathan Underhill 0-0: Ball
1-0: Fly out, F7 (Flyball, 7, EV 95.6 MPH)
Batting: RHB Sean Tanner 0-0: Grounds into double play, 6-4-3 (Groundball, 6, EV 96.9 MPH)
Bottom of the 8th over - 0 runs, 1 hit, 0 errors, 0 left on base; Milwaukee (NYP) 5 - Hillsboro 6
TOP OF THE 9TH
Milwaukee (NYP) Brewers batting - Pitching for Hillsboro Hops : LHP Matt Bagnall
Pitching: RHP Moises Baez
Now at 1B: Antonio Luisa
Batting: SHB C.J. Olivares 0-0: Hit by Pitch
Batting: RHB Chris Fruit 0-0: Bunted foul
0-1: Bunt missed!
0-2: Foul Ball, location: 2F
0-2: Ball
1-2: Grounds into double play, 6-4-3 (Groundball, 6, EV 87.5 MPH)
Batting: LHB Umar Matoub 0-0: Called Strike
0-1: Ball
1-1: Foul Ball, location: 2F
1-2: Strikes out swinging
Top of the 9th over - 0 runs, 0 hits, 0 errors, 0 left on base; Milwaukee (NYP) 5 - Hillsboro 6
Tuesday, March 28th , 2023 - OOTP Baseball 23.10 Build 110